 Dungeon Crawl Stone Soup version 0.27-a0-1301-g128193abf8 (webtiles) character file.

Game seed: 2891566379012348421

42539 Froggeryz the Brawler (level 14, -6/118 HPs)
             Began as a Ghoul Delver on June 17, 2021.
             Was the Champion of Okawaru.
             Mangled by Snorg (20 damage)
             ... on level 6 of the Lair of Beasts.
             The game lasted 00:27:18 (23574 turns).

Froggeryz the Brawler (Ghoul Delver)               Turns: 23574, Time: 00:27:19

Health: -6/118     AC: 16    Str: 20    XL:     14   Next: 20%
Magic:  0/13       EV:  8    Int: 11    God:    Okawaru [******]
Gold:   1624       SH:  0    Dex: 11    Spells: 13/13 levels left

rFire    + . .     SeeInvis .     - Unarmed
rCold    + . .     Faith    .   (no shield)
rNeg     + + +     Spirit   +   k - +1 chain mail {rF+}
rPois    ∞         Reflect  .   j - +0 helmet
rElec    .         Harm     .   y - +1 cloak
rCorr    .         Rampage  .   (no gloves)
Will     ++...                  d - +2 pair of boots {Fly}
Stlth    ..........             g - amulet of guardian spirit
HPRegen  0.00/turn              v - +6 ring of intelligence
MPRegen  0.13/turn              q - ring of willpower

@: about to teleport, flying, studying Stealth
A: claws 1, cold resistance 1, negative energy resistance 3, inhibited
regeneration, torment resistance 2
a: Renounce Religion, Heroism, Finesse


You were on level 6 of the Lair of Beasts.
You worshipped Okawaru.
Okawaru was exalted by your worship.
You visited 2 branches of the dungeon, and saw 15 of its levels.
You also visited: Bailey.

You collected 1624 gold pieces.

Inventory:

Hand Weapons
 L - the +9 long sword of the Ass {elec, rC++}
   (You found it on level 9 of the Dungeon)

   Occasionally, upon striking a foe, it can discharge electrical energy and
   cause terrible harm.
   It greatly protects you from cold.
Missiles
 n - 22 atropa-tipped darts
 s - 6 boomerangs (quivered)
 t - 13 throwing nets
 u - 50 poisoned darts
 F - 3 curare-tipped darts
 I - 5 boomerangs of dispersal
Armour
 d - a +2 pair of boots of flying (worn)
 j - a +0 helmet (worn)
 k - a +1 chain mail of fire resistance (worn)
 m - a +2 ring mail of fire resistance
 y - a +1 cloak (worn)
 B - the +5 plate armour "Putegg" {Str-4 Int+4 Slay+4}
   (You found it in a bailey)

   It affects your strength (-4).
   It affects your intelligence (+4).
   It affects your accuracy and damage with ranged weapons and melee attacks
   (+4).
 G - a +0 kite shield
 P - the +3 pair of seven-league boots {Rampage+∞}
   (Okawaru gifted it to you on level 3 of the Lair of Beasts)
 T - a +1 pair of gloves of dexterity
Jewellery
 g - an amulet of guardian spirit (around neck)
 p - a ring of fire
 q - a ring of willpower (right claw)
 v - a +6 ring of intelligence (left claw)
 x - an amulet of reflection
 O - an amulet of the acrobat
 V - a ring of positive energy
Wands
 f - a wand of digging (15)
 o - a wand of iceblast (20)
 D - a wand of flame (34)
 E - a wand of acid (11)
 H - a wand of paralysis (4)
 R - a wand of polymorph (7)
Scrolls
 a - 2 scrolls of enchant weapon
 b - 2 scrolls of fog
 c - 5 scrolls of magic mapping
 h - 2 scrolls of enchant armour
 i - a scroll of torment
 J - 2 scrolls of blinking
 Q - a scroll of holy word
 S - a scroll of amnesia
 U - a scroll of identify
Potions
 e - 6 potions of curing
 l - 2 potions of brilliance
 r - 2 potions of magic
 z - 2 potions of resistance
 A - 4 potions of flight
 C - 4 potions of attraction
 K - 2 potions of ambrosia
 N - a potion of invisibility
Miscellaneous
 M - a condenser vane


   Skills:
 - Level 9.2 Fighting
 - Level 3.0 Armour
 - Level 1.7 Dodging
 - Level 5.4 Stealth
 + Level 12.4 Shields
 + Level 18.5 Unarmed Combat


You had 13 spell levels left.
You didn't know any spells.
Your spell library contained the following spells:

 Spells                   Type           Power      Damage    Failure   Level
 Corona                   Hex            0%         N/A       98%         1
 Sting                    Tmut/Pois      0%         1d3       98%         1
 Poisonous Vapours        Pois/Air       0%         N/A       99%         2
 Slow                     Hex            0%         N/A       99%         2
 Ignite Poison            Fire/Tmut/Pois 0%         N/A       100%        3
 Inner Flame              Hex/Fire       0%         N/A       100%        3
 Mephitic Cloud           Conj/Pois/Air  0%         N/A       100%        3
 Portal Projectile        Hex/Tloc       0%         N/A       100%        3
 Stone Arrow              Conj/Erth      0%         3d7       100%        3
 Airstrike                Air            0%         N/A       100%        4
 Cause Fear               Hex            0%         N/A       100%        4
 Leda's Liquefaction      Hex/Erth       0%         N/A       100%        4
 Olgreb's Toxic Radiance  Pois           0%         N/A       100%        4


Dungeon Overview and Level Annotations

Branches:
Dungeon (9/15)             Temple (0/1) D:7            Lair (6/6) D:9
 Shoals (0/4) Lair:2        Snake (0/4) Lair:2        Slime (0/5) Lair:5
    Orc (0/2) D:9          Bailey (visited)

Altars:
Ashenzari
Cheibriados
Elyvilon
Fedhas
Hepliaklqana
Kikubaaqudgha
Okawaru
Ru
Sif Muna
Uskayaw
Vehumet
Zin
The Shining One

Annotations:
D:5 Dowan, Duvessa
Lair:2 exclusion: 5 oklob plants
Lair:6 Snorg


Innate Abilities, Weirdness & Mutations

You thrive by killing the living.
You are immune to poison.
You have sharp fingernails.
Your flesh is cold resistant. (rC+)
You are immune to negative energy. (rN+++)
You do not regenerate when monsters are visible.
You are immune to unholy pain and torment.


Message History

Snorg goes berserk!
You hear a bellow! x4
The water moccasin bites you but does no damage.
You hear a bellow!
The water moccasin bites you. Snorg bites you!! Snorg claws you. x2
You barely miss Snorg. Snorg misses you. Snorg closely misses you.
Snorg claws you but does no damage.
You scratch Snorg.
Snorg is lightly wounded.
Snorg bites you but does no damage. Snorg claws you!! Snorg claws you.
The water moccasin bites you but does no damage.
Snorg barely misses you. Snorg claws you but does no damage. x2
The water moccasin bites you but does no damage. x2
You hear a bellow!
The water moccasin bites you but does no damage.
Snorg bites you but does no damage. Snorg claws you! Snorg barely misses you.
The water moccasin bites you but does no damage.
You see here a +3 scale mail of fire resistance.
The water moccasin bites you but does no damage.
Snorg bites you! Snorg claws you. Snorg claws you!!
* * * LOW HITPOINT WARNING * * *
The water moccasin bites you but does no damage.
The water moccasin bites you but does no damage.
The water moccasin completely misses you.
You see here a +0 plate armour of cold resistance.
As you read the scroll of teleportation, it crumbles to dust.
You feel strangely unstable.
The water moccasin bites you but does no damage.
The water moccasin bites you.
* * * LOW HITPOINT WARNING * * *
The water moccasin barely misses you.
Snorg rages.
The water moccasin bites you.
* * * LOW HITPOINT WARNING * * *
The water moccasin bites you.
* * * LOW HITPOINT WARNING * * *
The water moccasin bites you but does no damage.
Snorg bites you!!
You die...

....##≈≈##≈P##≈≈#.P≈.#≈≈..≈≈.#≈..
....P≈≈≈≈≈≈≈P≈≈P≈÷≈≈≈≈≈≈≈≈≈≈≈≈...
..#.≈≈≈≈≈≈≈≈≈≈P≈≈#≈≈≈≈≈≈≈≈≈≈≈≈...
.P..##≈#########...########P.#≈≈#
...≈.#≈# #8≈≈≈≈÷÷≈≈8# ≈#≈#.P##
.##.≈≈≈P #≈≈≈P≈≈≈≈P≈# ≈P≈≈P≈..#
.. ≈P≈≈ #≈≈≈≈#÷#≈≈≈#≈≈≈#≈≈≈... .
≈##P #≈≈≈≈≈≈≈≈≈≈#≈≈≈#P##≈..
#≈≈≈)@T≈≈≈≈≈≈≈≈#≈#.m..
#≈≈≈)SS≈≈≈≈≈≈8≈≈≈≈≈...
#≈≈≈Y≈≈≈≈≈P≈≈P≈≈≈≈≈..#
#≈≈≈)≈[Y†≈≈≈≈≈≈#≈##≈..
#≈≈≈≈≈≈≈≈≈≈#≈≈≈# #†.#
#≈≈≈≈≈≈≈≈≈≈#≈≈≈#≈≈≈...
#≈≈≈≈≈≈#≈≈≈# ≈≈≈≈≈P..#
#.≈≈≈≈≈≈≈≈.# ≈≈#≈.#≈##
##########.#######.≈##≈≈


You could see Snorg (berserk), 2 yaks and 2 water moccasins.

Vanquished Creatures
  7 hydras
  A merfolk avatar (Lair:6)
  A two-headed ogre (D:9)
  A catoblepas (Lair:5)
  A sea snake (Lair:5)
  A lindwurm (Lair:6)
  A harpy (Lair:6)
  6 elephants
  Maurice (D:9)
  2 black mambas
  22 cane toads
  3 rime drakes
  14 komodo dragons
  4 polar bears
  A wind drake (Lair:6)
  2 hornets (Lair:6)
  19 blink frogs
  Prince Ribbit (D:5)
  Grinder (D:5)
  Sigmund (D:5)
  A wraith (D:8)
  6 wyverns
  38 yaks
  3 steam dragons
  6 basilisks
  3 acid dragons
  9 water moccasins
  5 orc warriors
  3 black bears
  An ogre (D:5)
  23 wolves
  3 centaurs
  A phantom (D:4)
  A kobold brigand (D:8)
  11 bullfrogs
  A wyvern zombie (D:7)
  7 gnoll sergeants (Bailey)
  4 scorpions
  A water moccasin zombie (D:7)
  2 water moccasin skeletons
  16 wights
  A bullfrog zombie (D:7)
  4 jellies (Lair:5)
  3 gnoll shamans (Bailey)
  3 orc priests
  3 iguanas
  5 hounds
  Jessica (D:2)
  A scorpion zombie (D:5)
  Natasha (thrice) (D:2)
  8 orc wizards
  3 howler monkey zombies
  5 adders
  15 gnolls
  An ufetubus (D:6)
  3 worms
  6 dart slugs
  20 orcs
  8 ball pythons
  8 endoplasms
  5 giant cockroaches
  8 goblins
  9 hobgoblins
  2 jackals (D:1)
  10 kobolds
  6 quokkas
  5 bats
  4 frilled lizards
  6 rats
391 creatures vanquished.

Vanquished Creatures (collateral kills)
  3 gnoll shamans (Bailey)
  3 gnolls (Bailey)
6 creatures vanquished.

Vanquished Creatures (others)
  A gnoll sergeant (Bailey)
  2 gnolls (Bailey)
  An orc (D:4)
  23 fungi
  61 plants
88 creatures vanquished.

Grand Total: 485 creatures vanquished

Notes
Turn   | Place    | Note
-------+----------+-------------------------------------------
     0 | D:5      | Froggeryz the Ghoul Delver began the quest for the Orb.
     0 | D:5      | Reached XP level 1. HP: 19/19 MP: 0/0
     3 | D:5      | Noticed an ogre
     3 | D:5      | Noticed Duvessa
    12 | D:5      | Noticed Dowan
    13 | D:5      | Noticed Prince Ribbit
    61 | D:5      | Found an iron altar of Okawaru.
    61 | D:5      | Found a radiant altar of Vehumet.
    62 | D:5      | Found a hide-covered altar of Uskayaw.
    66 | D:5      | Became a worshipper of Warmaster Okawaru
    71 | D:5      | Found a hazy altar of Hepliaklqana.
   200 | D:2      | Reached XP level 2. HP: 26/26 MP: 1/1
   323 | D:1      | Reached skill level 3 in Unarmed Combat
   574 | D:1      | Reached skill level 1 in Armour
   593 | D:1      | Reached XP level 3. HP: 28/31 MP: 2/2
   732 | D:1      | Found a faded altar of an unknown god.
  1564 | D:2      | Noticed Jessica
  1579 | D:1      | Reached skill level 4 in Unarmed Combat
  1579 | D:1      | Reached XP level 4. HP: 25/38 MP: 3/3
  1694 | D:2      | Killed Jessica
  1771 | D:2      | Noticed Natasha
  1776 | D:2      | Killed Natasha
  1832 | D:2      | Reached XP level 5. HP: 41/45 MP: 4/4
  1849 | D:2      | Noticed Natasha
  1863 | D:2      | Killed Natasha
  2234 | D:2      | Reached skill level 5 in Unarmed Combat
  2434 | D:2      | Noticed Natasha
  2441 | D:2      | Killed Natasha
  2645 | D:3      | Found a snail-covered altar of Cheibriados.
  2820 | D:3      | Reached * piety under Okawaru
  3105 | D:3      | Reached XP level 6. HP: 51/51 MP: 5/5
  3523 | D:3      | Reached skill level 6 in Unarmed Combat
  4261 | D:5      | Noticed a black bear
  4273 | D:5      | Noticed Sigmund
  4295 | D:4      | Reached XP level 7. HP: 21/58 MP: 6/6
  4542 | D:5      | Reached skill level 7 in Unarmed Combat
  4545 | D:5      | Reached ** piety under Okawaru
  4615 | D:5      | Killed Prince Ribbit
  4616 | D:5      | Reached skill level 8 in Unarmed Combat
  4620 | D:5      | Noticed Grinder
  4624 | D:5      | Paralysed by Grinder for 2 turns
  4629 | D:5      | Paralysed by Grinder for 7 turns
  4644 | D:5      | Paralysed by Grinder for 5 turns
  4657 | D:5      | Killed Grinder
  4658 | D:5      | Reached skill level 5 in Fighting
  4658 | D:5      | Reached XP level 8. HP: 33/68 MP: 7/7
  4733 | D:5      | Killed Sigmund
  4734 | D:5      | Reached skill level 9 in Unarmed Combat
  5046 | D:5      | Reached *** piety under Okawaru
  5164 | D:5      | Found an ancient bone altar of Kikubaaqudgha.
  5471 | D:6      | Found a sacrificial altar of Ru.
  5609 | D:6      | Reached skill level 10 in Unarmed Combat
  5617 | D:6      | Reached XP level 9. HP: 61/78 MP: 8/8
  6635 | D:7      | Reached skill level 11 in Unarmed Combat
  6801 | D:7      | Found a flagged portal.
  6815 | Bailey   | Entered a bailey
  6839 | Bailey   | Reached **** piety under Okawaru
  7476 | Bailey   | Identified the +5 plate armour "Putegg" {Str-4 Int+4
                  | Slay+4}
  8184 | Bailey   | Reached skill level 12 in Unarmed Combat
  8204 | Bailey   | Identified the Tome of Battle Magic and Weightlessness
  8554 | D:7      | Noticed a five-headed hydra
  8565 | D:7      | Killed a five-headed hydra
  8565 | D:7      | Reached ***** piety under Okawaru
  8566 | D:7      | Reached XP level 10. HP: 26/90 MP: 6/9
  8857 | D:7      | Found a staircase to the Ecumenical Temple.
  9242 | D:8      | Found a broken altar of Ashenzari.
  9349 | D:8      | Identified the +4 long sword "Nuxtatt" {antimagic, Int+4}
  9496 | D:8      | Reached skill level 13 in Unarmed Combat
  9984 | D:9      | Found a shimmering blue altar of Sif Muna.
 10108 | D:9      | Paralysed by a wight for 4 turns
 10115 | D:8      | Reached skill level 1 in Shields
 10986 | D:9      | Noticed a two-headed ogre
 10997 | D:9      | Killed a two-headed ogre
 11689 | D:9      | Noticed Maurice
 11706 | D:9      | Killed Maurice
 11707 | D:9      | Reached XP level 11. HP: 68/97 MP: 10/10
 11718 | D:9      | Reached skill level 14 in Unarmed Combat
 12264 | D:9      | Received a gift from Okawaru
 12620 | D:9      | Reached skill level 5 in Shields
 12824 | D:9      | Identified the +9 long sword of the Ass {elec, rC++}
 12845 | D:9      | Found a staircase to the Lair.
 13076 | D:9      | Found a staircase to the Orcish Mines.
 13624 | Lair:1   | Entered Level 1 of the Lair of Beasts
 13842 | Lair:1   | Received a gift from Okawaru
 14227 | Lair:1   | Reached skill level 15 in Unarmed Combat
 14654 | Lair:2   | Found a staircase to the Shoals.
 14943 | Lair:1   | Received a gift from Okawaru
 15107 | Lair:2   | Reached ****** piety under Okawaru
 15108 | Lair:2   | Reached XP level 12. HP: 99/104 MP: 9/11
 15877 | Lair:2   | Noticed a four-headed hydra
 15911 | Lair:2   | Reached skill level 16 in Unarmed Combat
 15920 | Lair:2   | Killed a four-headed hydra
 16180 | Lair:2   | Found a staircase to the Snake Pit.
 16345 | Lair:2   | Found a blossoming altar of Fedhas.
 17544 | Lair:3   | Received a gift from Okawaru
 17545 | Lair:3   | Found the +3 pair of seven-league boots {Rampage+∞}
 17867 | Lair:3   | Reached skill level 10 in Shields
 18116 | Lair:3   | Reached XP level 13. HP: 44/111 MP: 7/12
 18917 | Lair:4   | Reached skill level 17 in Unarmed Combat
 20454 | Lair:5   | Found a staircase to the Slime Pits.
 21095 | Lair:5   | Received a gift from Okawaru
 21531 | Lair:6   | Entered Level 6 of the Lair of Beasts
 22016 | Lair:6   | Reached skill level 18 in Unarmed Combat
 22774 | Lair:5   | Reached XP level 14. HP: 87/118 MP: 8/13
 23357 | Lair:6   | Received a gift from Okawaru
 23554 | Lair:6   | Noticed Snorg
 23574 | Lair:6   | Mangled by Snorg

Illustrated notes

Levels and vault maps discovered:
D:1:      minmay_arrival_plants_in_alcoves, layout_loops_ring,
          shapermc_ecumenical_altar_mp_urbaneastern, st_stairs_10, minmay_cupped
D:2:      layout_rooms, serial_forest, infiniplex_forest_lined_corner,
          infiniplex_forest_clump_small, infiniplex_forest_end_3,
          infiniplex_forest_end_2, uniq_jessica, uniq_natasha
D:3:      minmay_razor_zed, layout_basic, kennysheep_slug_shrine
D:4:      layout_gridville, elyvilon_altar_4, minivault_4
D:5:      layout_cave_pools, lemuel_round_altar,
          nicolae_overflow_quartered_altars, uniq_duvessa, uniq_grinder,
          uniq_sigmund, uniq_prince_ribbit1
D:6:      layout_gridville, nicolae_ru_sacrificial_ziggurat
D:7:      layout_basic, minmay_temple_entry_offerings, enter_bailey_4
D:8:      layout_loops_ring, ashenzari_altar_1, grunt_ministairs_8
D:9:      layout_rooms, overflow_temple_1_default, general_overflow_altar,
          marbit_many_paths, erik_lair_dragon, david_orc_4, uniq_maurice
Lair:1:   layout_cave_shapes, grunt_megastairs_2
Lair:2:   layout_regular_city, minmay_shoals_entry_centaurs, dummy_snake_entry,
          hangedman_tree_tricks, hibernation_bobbens, grunt_megastairs_4,
          minmay_lair_oklob_chamber
Lair:3:   layout_small_grid, gammafunk_lair_bear_cave
Lair:4:   layout_long_grid, serial_rivers, chequers_serial_rivers_micro_a,
          chequers_serial_rivers_large_a, chequers_serial_rivers_small_3,
          chequers_serial_rivers_large_b, chequers_serial_rivers_marsh,
          grunt_megastairs_5
Lair:5:   layout_roguey, minmay_slime_entry_pillars,
          chequers_serial_rivers_room_a
Lair:6:   gammafunk_lair_ancient_temple, layout_loops_ring,
          gammafunk_ghost_grave, uniq_snorg

Skill      XL: |  1  2  3  4  5  6  7  8  9 10 11 12 13 |
---------------+----------------------------------------+-----
Unarmed Combat | 3 4 5 6 8 10 12 13 15 16 18 | 18.5
Armour         | 1 2 3 |  3.0
Fighting       | 5 6 8 9 |  9.2
Shields        | 4 7 10 12 | 12.4
Dodging        | |  1.7
Stealth        | |  5.4

Action                   |  1- 3 |  4- 6 |  7- 9 | 10-12 | 13-15 || total
-------------------------+-------+-------+-------+-------+-------++-------
Melee: Unarmed           |   124 |   256 |   295 |   656 |   394 ||  1725
       Punch             |     1 |     5 |     9 |    38 |    29 ||    82
Throw: Boomerang         |       |     5 |     3 |     4 |       ||    12
Invok: Heroism           |       |     1 |     1 |     1 |       ||     3
Evoke: Wand              |       |       |     9 |    10 |    10 ||    29
  Use: Scroll            |     1 |     1 |     9 |     9 |     5 ||    25
       Potion            |     1 |       |     3 |       |     1 ||     5
 Stab: Sleeping          |     6 |       |       |       |       ||     6
       Distracted        |     1 |       |       |       |       ||     1
       Petrified         |       |       |       |     4 |     2 ||     6
Armor: Leather armour    |    43 |       |       |       |       ||    43
       Chain mail        |     7 |   134 |   167 |   322 |   214 ||   844
Dodge: Dodged            |    82 |    87 |    97 |   209 |   122 ||   597

Table legend: (Time is in decaauts)
 A = Elapsed time spent in this place.
 B = Non-inter-level travel time spent in this place.
 C = Inter-level travel time spent in this place.
 D = Time resting spent in this place.
 E = Time spent auto-exploring this place.
 F = Levels seen in this place.
 G = Mean time per level.
                   A        B        C        D        E       F      G
               +--------+--------+--------+--------+--------+-----+--------+
         Total |  23252 |  22848 |    404 |   5773 |  13598 |  16 | 1453.2 |
       Dungeon |  12020 |  11702 |    318 |   2674 |   7081 |   9 | 1335.6 |
          Lair |   9756 |   9670 |     86 |   2136 |   6336 |   6 | 1626.0 |
        Bailey |   1476 |   1476 |      0 |    962 |    180 |   1 | 1476.0 |
               +--------+--------+--------+--------+--------+-----+--------+

Top non-repeatable levels by time:
     D:9: 2756 daAuts
  Lair:5: 2549 daAuts
  Lair:2: 1944 daAuts
  Lair:3: 1641 daAuts
     D:1: 1608 daAuts
     D:7: 1534 daAuts
  Bailey: 1476 daAuts
  Lair:4: 1452 daAuts
     D:8: 1418 daAuts
     D:4: 1255 daAuts
  Lair:1: 1235 daAuts
     D:3: 948 daAuts
  Lair:6: 932 daAuts
     D:5: 908 daAuts
     D:6: 905 daAuts
